 Dungeon Crawl Stone Soup version 0.28-a0-87-g9a7839dea9 (webtiles) character file.

Game seed: 16694064902212750474

8682 magicbymccauley the Carver (level 11, -8/97 HPs)
             Began as a Minotaur Berserker on Aug 6, 2021.
             Was an Elder of Trog.
             Killed by the air
             ... invoked by robertstho's ghost
              (18 damage)
             ... on level 1 of the Lair of Beasts.
             The game lasted 00:46:52 (11393 turns).

magicbymccauley the Carver (Minotaur Berserker)    Turns: 11393, Time: 00:46:53

Health: -8/97      AC: 26    Str: 22    XL:     11   Next: 13%
Magic:  10/10      EV:  9    Int:  4    God:    Trog [****..]
Gold:   269        SH:  5    Dex: 13    Spells: 10/10 levels left

rFire   . . .      SeeInvis .   e - +4 falchion
rCold   . . .      Faith    .   y - +0 buckler
rNeg    . . .      Spirit   .   I - +4 plate armour
rPois   .          Reflect  .   (helmet restricted)
rElec   .          Harm     .   G - +0 cloak
rCorr   .          Rampage  .   v - +2 pair of gloves
Will    .....                   u - +1 pair of boots
Stlth   ..........              (no amulet)
HPRegen 0.26/turn               s - +4 ring of slaying
MPRegen 0.12/turn               (no ring)

@: no status effects
A: horns 2, retaliatory headbutt
a: Renounce Religion, Berserk, Trog's Hand, Brothers in Arms


You were on level 1 of the Lair of Beasts.
You worshipped Trog.
Trog was greatly pleased with you.
You visited 2 branches of the dungeon, and saw 10 of its levels.

You collected 409 gold pieces.
You spent 140 gold pieces at shops.

Inventory:

Hand Weapons
 b - a +1 morningstar of flaming
 e - a +4 falchion (weapon)
 l - a +0 long sword
Missiles
 a - a throwing net
 c - 178 arrows
 d - 4 curare-tipped darts
 C - 24 poisoned darts
Armour
 h - +1 acid dragon scales
 q - a +1 scale mail
 u - a +1 pair of boots (worn)
 v - a +2 pair of gloves (worn)
 y - a +0 buckler (worn)
 z - a +0 pair of gloves
 G - a +0 cloak (worn)
 I - a +4 plate armour (worn)
Jewellery
 s - a +4 ring of slaying (left hand)
 x - a ring of resist corrosion
 E - a ring of resist corrosion
Wands
 i - a wand of paralysis (7)
 o - a wand of mindburst (10)
 r - a wand of iceblast (12)
Scrolls
 f - 4 scrolls of teleportation
 j - 6 scrolls of noise
 k - a scroll of vulnerability
 w - 2 scrolls of identify
 B - a scroll of fear
 F - a scroll of magic mapping
 H - a scroll of enchant armour
Potions
 g - 2 potions of cancellation
 m - 2 potions of haste
 n - 2 potions of curing
 p - a potion of flight
 t - a potion of resistance
 A - a potion of ambrosia
 D - a potion of might


   Skills:
 + Level 9.2 Fighting
 + Level 12.6 Long Blades
 + Level 11.0 Armour
 + Level 7.0 Dodging
 + Level 2.7 Stealth
 + Level 4.2 Shields


You had 10 spell levels left.
You didn't know any spells.
Your spell library was empty.

Dungeon Overview and Level Annotations

Branches:
Dungeon (9/15)             Temple (0/1) D:5            Lair (1/6) D:9
    Orc: D:9-12

Altars:
Ashenzari
Elyvilon
Kikubaaqudgha
Uskayaw
Xom
The Shining One

Shops:
D:6 *[*

Annotations:
Lair:1 exclusion: oklob plant, robertstho's ghost, journeyman DjFE


Innate Abilities, Weirdness & Mutations

You have a pair of horns on your head.
You reflexively headbutt those who attack you in melee.


Message History

Robertstho's ghost is lightly damaged.
You closely miss robertstho's ghost.
Robertstho's ghost is lightly damaged.
Robertstho's ghost hits you but does no damage.
You hit robertstho's ghost.
Your headbutt misses robertstho's ghost.
Robertstho's ghost is lightly damaged.
Robertstho's ghost gestures at you while chanting.
The fireball explodes!
The fireball engulfs you!
* * * LOW HITPOINT WARNING * * *
The fireball engulfs robertstho's ghost.
Robertstho's ghost completely resists.
You hear a loud, deep croak! x2; You hear a croak.
A blink frog comes into view.
Robertstho's ghost screams, "I'll kill anyone who wants the ORB!"
Robertstho's ghost whispers, "The ORB doesn't exist."
Robertstho's ghost casts a spell.
An electric eel comes into view.
Robertstho's ghost casts a spell at you.
The fireball explodes!
The fireball engulfs the bush!!
The bush is on fire!
The fireball engulfs you but does no damage.
You hear a croak.
Robertstho's ghost waves its arms in wide circles.
The air twists around and strikes you.
The bush is engulfed in blazing flames.
Robertstho's ghost waves its arms in wide circles.
The air twists around and strikes you.
The bush is engulfed in blazing flames.
The bush is engulfed in blazing flames.
The blink frog blinks!
Robertstho's ghost waves its arms in wide circles.
The air twists around and strikes you!!
* * * LOW HITPOINT WARNING * * *
The blink frog blinks!
Robertstho's ghost whispers, "Death is liberation."
The blink frog blinks!
The blink frog blinks!
Robertstho's ghost waves its arms in wide circles.
The air twists around and strikes you!!
You die...

##.........# .. #...W..###.# ##
#.ยง...## #.## .# #....## #..# #
#....# #.P# ## # .P# ##..## #.##
.# #...####.## ###..# # .##
#...##..# #.#.## .# ..#
###....@## ##....##..# ..#
##.......## #P.......## ..##
####....###..#####........#
...###....#...##....#..........#
......#.#......#......#.......##
...#...##.....>...###........##
..########........#####......#
...# #.........# ###....# ####
#........## ..#..#


You could see robertstho's ghost.

Vanquished Creatures
  A hydra (Lair:1)
  A two-headed ogre (D:6)
  A dancing weapon (Lair:1)
  Maurice (D:7)
  Joseph (Lair:1)
  A cane toad (Lair:1)
  Maggie (D:8)
  2 komodo dragons (Lair:1)
  Sigmund (D:5)
  Grum (D:8)
  A steam dragon (D:9)
  3 vampire mosquitoes (D:6)
  An acid dragon (D:9)
  4 water moccasins
  3 orc warriors
  2 black bears
  An ice beast (D:5)
  A sky beast (D:6)
  3 ogres
  4 wolves
  A kobold brigand (D:6)
  Blork the orc (D:5)
  6 bullfrogs
  A wyvern zombie (D:6)
  3 scorpions
  A water moccasin skeleton (D:6)
  9 killer bees
  2 howler monkeys (D:8)
  An electric eel (Lair:1)
  3 centaur zombies
  2 hounds
  3 centaur skeletons (D:7)
  2 jellies
  3 orc priests
  A scorpion zombie (D:5)
  3 iguanas
  8 orc wizards
  3 adders (D:3)
  2 shadow imps (D:5)
  A white imp (D:7)
  An ufetubus (D:6)
  A worm (D:2)
  2 dart slugs
  26 orcs
  6 bats
  3 endoplasms
  2 giant cockroaches
  5 goblins
  8 hobgoblins
  10 jackals (D:1)
  2 quokkas
  7 ball pythons
  2 frilled lizards
  7 kobolds
  5 rats
  4 bushes (D:1)
181 creatures vanquished.

Vanquished Creatures (others)
  A bush (Lair:1)
  9 fungi (D:9)
  15 plants
25 creatures vanquished.

Grand Total: 206 creatures vanquished

Notes
Turn   | Place    | Note
-------+----------+-------------------------------------------
     0 | D:1      | magicbymccauley the Minotaur Berserker began the quest for
                  | the Orb.
     0 | D:1      | Reached XP level 1. HP: 19/19 MP: 0/0
    79 | D:1      | HP: 1/20 [hobgoblin (3)]
   411 | D:1      | Reached skill level 4 in Long Blades
   411 | D:1      | Reached XP level 2. HP: 20/27 MP: 1/1
   858 | D:1      | Reached XP level 3. HP: 18/34 MP: 2/2
  1959 | D:2      | Reached ** piety under Trog
  2890 | D:3      | Found a glowing golden altar of the Shining One.
  2936 | D:3      | Reached XP level 4. HP: 38/41 MP: 3/3
  3006 | D:3      | Found a hide-covered altar of Uskayaw.
  3537 | D:4      | Noticed a scorpion
  3543 | D:4      | Reached skill level 5 in Long Blades
  3545 | D:4      | Killed a scorpion
  3546 | D:4      | Reached skill level 1 in Stealth
  3546 | D:4      | Reached XP level 5. HP: 32/47 MP: 4/4
  4169 | D:4      | Found an ancient bone altar of Kikubaaqudgha.
  4779 | D:5      | Entered Level 5 of the Dungeon
  5100 | D:5      | Reached skill level 5 in Fighting
  5111 | D:5      | Found a staircase to the Ecumenical Temple.
  5167 | D:5      | Reached XP level 6. HP: 56/56 MP: 5/5
  5302 | D:5      | Found a broken altar of Ashenzari.
  5541 | D:5      | Noticed an ice beast
  5547 | D:5      | Killed an ice beast
  5548 | D:5      | Reached skill level 6 in Long Blades
  5548 | D:5      | Reached skill level 5 in Armour
  5548 | D:5      | Noticed Sigmund
  5634 | D:5      | Reached XP level 7. HP: 39/61 MP: 6/6
  5747 | D:5      | Killed Sigmund
  5999 | D:5      | Noticed Blork the orc
  6009 | D:5      | Killed Blork the orc
  6010 | D:5      | Reached skill level 7 in Long Blades
  6637 | D:6      | Reached XP level 8. HP: 54/70 MP: 7/7
  6680 | D:6      | Found Poessu's Assorted Antiques.
  6738 | D:6      | Noticed a two-headed ogre
  6746 | D:6      | Killed a two-headed ogre
  6746 | D:6      | Reached *** piety under Trog
  6747 | D:6      | Reached skill level 9 in Long Blades
  7025 | D:6      | Bought a copper wand for 140 gold pieces
  7503 | D:6      | Found Vohoin's Assorted Antiques.
  7579 | D:6      | Found Yzieqedy's Antique Armour Boutique.
  7739 | D:7      | Reached XP level 9. HP: 61/78 MP: 8/8
  7743 | D:6      | Reached skill level 1 in Shields
  8013 | D:7      | Reached skill level 10 in Long Blades
  8605 | D:8      | Noticed Maurice
  8627 | D:7      | Reached skill level 5 in Dodging
  8632 | D:7      | Killed Maurice
  8667 | D:8      | Noticed Grum
  8674 | D:8      | Killed Grum
  8675 | D:8      | Reached skill level 11 in Long Blades
  8822 | D:8      | Noticed Maggie
  8832 | D:8      | Killed Maggie
  8833 | D:8      | Reached XP level 10. HP: 78/86 MP: 9/9
  8911 | D:8      | Found a white marble altar of Elyvilon.
  8945 | D:8      | Reached skill level 10 in Armour
  9291 | D:8      | Reached **** piety under Trog
  9796 | D:9      | Found a staircase to the Lair.
 10807 | Lair:1   | Entered Level 1 of the Lair of Beasts
 10829 | Lair:1   | Reached skill level 12 in Long Blades
 10909 | Lair:1   | Noticed an oklob plant
 10911 | Lair:1   | Noticed an eight-headed hydra
 10927 | Lair:1   | Killed a 14-headed hydra
 10986 | Lair:1   | Noticed Joseph
 11006 | Lair:1   | Killed Joseph
 11154 | Lair:1   | Noticed a cane toad
 11166 | Lair:1   | Killed a cane toad
 11167 | Lair:1   | Reached XP level 11. HP: 84/97 MP: 10/10
 11186 | Lair:1   | Noticed a five-headed hydra
 11324 | Lair:1   | Found a runed translucent door.
 11325 | Lair:1   | Found a shimmering altar of Xom.
 11325 | Lair:1   | Noticed robertstho's ghost (journeyman DjFE)
 11326 | Lair:1   | Noticed a +2 mace of chaos
 11345 | Lair:1   | Killed a +2 mace of chaos
 11393 | Lair:1   | Killed from afar by robertstho's ghost

Illustrated notes

Levels and vault maps discovered:
D:1:      minmay_arrival_nine_rooms, layout_basic,
          hellmonk_ecumenical_altar_leap_of_faith, serial_park_tiny_2
D:2:      layout_basic
D:3:      layout_loops_corners, tso_metal_star, nicolae_uskayaw_dance_hall,
          worldfamousw_hep_ancestral_shrine, minivault_26
D:4:      layout_basic, mainiacjoe_overflow_brackets, serial_corexii_hall,
          corexii_hall_statues_s, chequers_hall_statues_corner_a,
          kennysheep_crisscross
D:5:      layout_loops_cross, general_overflow_altar,
          minmay_temple_entry_crystal_x, uniq_sigmund, uniq_blork_the_orc
D:6:      layout_gridville, serial_shops, nicolae_shop_waterfront, shop, shop
D:7:      layout_rooms
D:8:      layout_basic, nicolae_overflow_hidden_temple, chequers_avenue,
          minivault_11, uniq_maggie, uniq_grum, uniq_maurice
D:9:      layout_irregular_city, grunt_lair_entry_orc_guard_hut,
          kennysheep_generic_room_9
Lair:1:   layout_cave_pods, ebering_ghost_xom, minmay_lair_oklob_chamber,
          serial_bayou_shore_a, uniq_joseph

Skill      XL: |  1  2  3  4  5  6  7  8  9 10 11 |
---------------+----------------------------------+-----
Long Blades    | 4 5 6 7 9 11 12 | 12.6
Fighting       | 4 5 6 7 9 |  9.2
Stealth        | 1 2 |  2.7
Armour         | 4 5 7 8 9 10 11 | 11.0
Dodging        | 3 5 6 7 |  7.0
Shields        | 2 4 |  4.2

Action                   |  1- 3 |  4- 6 |  7- 9 | 10-12 || total
-------------------------+-------+-------+-------+-------++-------
Melee: Falchion          |   347 |    64 |   158 |   179 ||   748
       Headbutt          |   131 |    12 |    40 |    45 ||   228
Invok: Berserk           |       |     3 |     1 |     3 ||     7
       Trog's Hand       |       |     1 |     2 |       ||     3
  Use: Scroll            |       |       |    10 |     6 ||    16
       Potion            |       |       |     3 |       ||     3
 Stab: Sleeping          |     2 |       |       |       ||     2
Armor: Animal skin       |    17 |       |       |       ||    17
       Ring mail         |     6 |     5 |       |       ||    11
       Scale mail        |       |    17 |    64 |       ||    81
       Acid dragon scale |       |       |       |    41 ||    41
       Plate armour      |       |       |       |    46 ||    46
Dodge: Dodged            |    74 |    33 |    84 |    65 ||   256
Block: Buckler           |       |       |    32 |    29 ||    61
       Rpst.: Falchion   |    18 |    10 |    15 |    22 ||    65

Table legend: (Time is in decaauts)
 A = Elapsed time spent in this place.
 B = Non-inter-level travel time spent in this place.
 C = Inter-level travel time spent in this place.
 D = Time resting spent in this place.
 E = Time spent auto-exploring this place.
 F = Levels seen in this place.
 G = Mean time per level.
                   A        B        C        D        E       F      G
               +--------+--------+--------+--------+--------+-----+--------+
         Total |  11405 |  11404 |      1 |   2642 |    984 |  10 | 1140.5 |
       Dungeon |  10839 |  10839 |      0 |   2495 |    984 |   9 | 1204.3 |
          Lair |    566 |    565 |      1 |    147 |      0 |   1 |  566.0 |
               +--------+--------+--------+--------+--------+-----+--------+

Top non-repeatable levels by time:
     D:6: 1678 daAuts
     D:1: 1573 daAuts
     D:4: 1521 daAuts
     D:9: 1325 daAuts
     D:5: 1309 daAuts
     D:3: 972 daAuts
     D:2: 862 daAuts
     D:8: 814 daAuts
     D:7: 782 daAuts
  Lair:1: 566 daAuts
